[Event "Colombia Tierra de Atletas-B 2020"]
[Site "Medellin"]
[Date "2020.12.12"]
[Round "1.1"]
[White "Argote Heredia, Valentina"]
[Black "Morales, Jhon Alexander"]
[Result "1/2-1/2"]
[ECO "B92"]
[WhiteElo "2150"]
[BlackElo "2400"]
[Annotator "ChessBase"]
[PlyCount "83"]
[EventDate "2020.12.10"]
[EventType "tourn"]
[EventCountry "COL"]
[SourceTitle "playchess.com"]
[Source "ChessBase"]
[SourceQuality "1"]
[TimeControl "40/5400+30:1800+30"]

1. e4 c5 2. Nf3 d6 3. d4 cxd4 4. Nxd4 Nf6 5. Nc3 a6 6. Be2 e5 7. Nb3 Be7 8. O-O O-O 9. Kh1 b6 10. Bg5 Nbd7 11. Nd5 Nxd5 12. Qxd5 Rb8 13. Bxe7 Qxe7 14. Rad1 Nf6 15. Qxd6 Qxd6 16. Rxd6 Nxe4 17. Rd5 f6 18. f3 Ng5 19. Rd2 Be6 20. Rfd1 Nf7 21. Nc1 a5 22. Kg1 Rfd8 23. Rxd8+ Rxd8 24. Rxd8+ Nxd8 25. Kf2 Kf8 26. Ke3 Ke7 27. Bd3 g6 28. a3 Kd6 29. Ne2 Nc6 30. Nc3 Nd4 31. Nb5+ Nxb5 32. Bxb5 Kc5 33. Bd3 Bf7 34. f4 Kd6 35. g3 Kd5 36. Be4+ Kd6 37. Bd3 Kd5 38. Be4+ Kd6 39. Bd3 Bg8 40. Bb5 Be6 41. Bd3 Kd5 42. Be4+ 1/2-1/2

[Event "Colombia Tierra de Atletas-B 2020"]
[Site "Medellin"]
[Date "2020.12.12"]
[Round "1.2"]
[White "Mateus, Alejandro"]
[Black "Palencia Morales, Wilson Guillermo"]
[Result "0-1"]
[ECO "C65"]
[WhiteElo "2353"]
[BlackElo "2340"]
[Annotator "ChessBase"]
[PlyCount "145"]
[EventDate "2020.12.10"]
[EventType "tourn"]
[EventCountry "COL"]
[SourceTitle "playchess.com"]
[Source "ChessBase"]
[SourceQuality "1"]
[TimeControl "40/5400+30:1800+30"]

1. e4 e5 2. Nf3 Nc6 3. Bb5 Nf6 4. d3 Bc5 5. c3 d5 6. Nxe5 O-O 7. Bxc6 bxc6 8. d4 Bb6 9. exd5 cxd5 10. O-O Qd6 11. Re1 Ne4 12. Nd2 Nxd2 13. Bxd2 f6 14. Nd3 g5 15. Qf3 c6 16. Re3 Bc7 17. g3 Qd7 18. Qh5 Qh3 19. Qxh3 Bxh3 20. Rae1 Bd6 21. f3 Bf5 22. g4 Bd7 23. R1e2 h5 24. gxh5 Kf7 25. Be1 Rh8 26. Bg3 Bf8 27. Bc7 Rxh5 28. Ba5 Bf5 29. Bb4 Bg7 30. Nc5 a5 31. Ba3 Bf8 32. Nb7 Bxa3 33. bxa3 Rh3 34. Nc5 Rb8 35. Nb3 a4 36. Nc5 Kg6 37. Kg2 Rh7 38. Re8 Bh3+ 39. Kg3 Rb1 40. Re1 Rb2 41. R8e2 Rb8 42. Na6 Rbh8 43. Re8 Rxe8 44. Rxe8 Bd7 45. Re2 f5 46. Nc5 f4+ 47. Kg2 Bh3+ 48. Kf2 Bf5 49. Ke1 Rh3 50. Rf2 Rh8 51. Kd2 Rb8 52. Kc1 Rb1+ 53. Kd2 Ra1 54. Nxa4 Rxa2+ 55. Ke1 Rxa3 56. Nc5 Rxc3 57. Kf1 Rc1+ 58. Kg2 Rd1 59. Rb2 Rxd4 60. Rb6 Rd2+ 61. Kg1 Bh3 62. Rxc6+ Kf7 63. Rh6 Bf5 64. h4 g4 65. fxg4 Bxg4 66. Rh7+ Kg6 67. Rh8 Kg7 68. Ra8 f3 69. Ra7+ Kf6 70. Nd7+ Kf5 71. Ra6 f2+ 72. Kg2 Bh3+ 73. Kg3 0-1

[Event "Colombia Tierra de Atletas-B 2020"]
[Site "Medellin"]
[Date "2020.12.12"]
[Round "1.3"]
[White "Escobar Medina, Andres F"]
[Black "Malka, Samuel"]
[Result "0-1"]
[ECO "B52"]
[WhiteElo "2249"]
[BlackElo "2203"]
[Annotator "ChessBase"]
[PlyCount "68"]
[EventDate "2020.12.10"]
[EventType "tourn"]
[EventCountry "COL"]
[SourceTitle "playchess.com"]
[Source "ChessBase"]
[SourceQuality "1"]
[TimeControl "40/5400+30:1800+30"]

1. e4 c5 2. Nf3 d6 3. Bb5+ Bd7 4. Bxd7+ Qxd7 5. c4 Nf6 6. Nc3 g6 7. d4 cxd4 8. Nxd4 Bg7 9. f3 O-O 10. Be3 Nc6 11. Nde2 a6 12. b3 b5 13. cxb5 axb5 14. O-O Qb7 15. Rc1 Rfd8 16. Nd4 Nxd4 17. Bxd4 e5 18. Be3 d5 19. exd5 b4 20. Na4 Nxd5 21. Qe2 e4 22. Rc4 Nxe3 23. Qxe3 exf3 24. Rxf3 Re8 25. Qf4 Be5 26. Qc1 Rad8 27. Rf1 Bd4+ 28. Kh1 Re2 29. Rc6 Rd6 30. Qc4 Rd2 31. Qc1 Rxg2 32. Rc8+ Kg7 33. Rxf7+ Qxf7 34. Rc7 Rg1+ 0-1

[Event "Colombia Tierra de Atletas-B 2020"]
[Site "Medellin"]
[Date "2020.12.12"]
[Round "1.5"]
[White "Benitez Lozano, Javier"]
[Black "Araujo Sanchez, Josue"]
[Result "0-1"]
[ECO "A22"]
[WhiteElo "2350"]
[BlackElo "2337"]
[Annotator "ChessBase"]
[PlyCount "154"]
[EventDate "2020.12.10"]
[EventType "tourn"]
[EventCountry "COL"]
[SourceTitle "playchess.com"]
[Source "ChessBase"]
[SourceQuality "1"]
[TimeControl "40/5400+30:1800+30"]

1. c4 e5 2. Nc3 Nf6 3. Nf3 d6 4. g3 Be7 5. Bg2 O-O 6. O-O Re8 7. d4 exd4 8. Nxd4 c6 9. b3 a5 10. Qc2 Na6 11. Rd1 Qb6 12. Nf5 Bxf5 13. Qxf5 Nc5 14. Be3 Qb4 15. Rac1 Nfd7 16. Bd2 Qb6 17. Rb1 Ne5 18. Be3 Qb4 19. Bd2 Qb6 20. Be3 Qb4 21. Rdc1 g6 22. Qc2 Ng4 23. Bd2 Qb6 24. Rf1 f5 25. h3 Nf6 26. Be3 Qc7 27. Bxc5 dxc5 28. e3 Bf8 29. Rbd1 Qe5 30. Rd3 h5 31. h4 Bh6 32. Ne2 Rad8 33. Rfd1 Rxd3 34. Qxd3 Kf7 35. Bf3 Re7 36. Kg2 Qc7 37. Qc3 Nd7 38. Nf4 Bxf4 39. gxf4 Nf6 40. Rd3 Re8 41. Qd2 Re7 42. Rd6 Re6 43. Rd8 Re8 44. Rd3 Re6 45. Qb2 Re7 46. Rd1 Rd7 47. Rd2 Rxd2 48. Qxd2 Ke7 49. Kf1 b5 50. cxb5 cxb5 51. Qc3 b4 52. Qc4 Qd6 53. Qb5 Qc7 54. Qa6 Kf7 55. Ke1 Ke7 56. Be2 Kf7 57. Bc4+ Kg7 58. Qe6 Qd8 59. Qe5 Kh7 60. Ke2 Ne4 61. Bd3 Nc3+ 62. Kd2 Qxh4 63. Ke1 Qh1+ 64. Bf1 Qe4 65. Qxe4 Nxe4 66. f3 Nc3 67. Kd2 Nd5 68. Bc4 Nb6 69. Be6 Kg7 70. e4 Kf6 71. Bg8 a4 72. e5+ Kg7 73. Be6 a3 74. Ke3 h4 75. Kf2 c4 76. bxc4 b3 77. c5 b2 0-1

[Event "Colombia Tierra de Atletas-B 2020"]
[Site "Medellin"]
[Date "2020.12.12"]
[Round "1.6"]
[White "Vera Siguenas, Deivy"]
[Black "Ruiz Castillo, Joshua Daniel"]
[Result "1/2-1/2"]
[ECO "E53"]
[WhiteElo "2503"]
[BlackElo "2498"]
[Annotator "RC"]
[PlyCount "138"]
[EventDate "2020.12.10"]
[EventType "tourn"]
[EventCountry "COL"]
[SourceTitle "playchess.com"]
[Source "ChessBase"]
[SourceQuality "1"]
[TimeControl "40/5400+30:1800+30"]

1. d4 Nf6 2. c4 e6 3. Nc3 Bb4 4. e3 O-O 5. Bd3 d5 6. Nf3 c5 7. cxd5 exd5 8. dxc5 Nbd7 9. Bd2 Nxc5 10. Be2 Ba5 11. O-O Nce4 12. Nxe4 dxe4 13. Nd4 Bxd2 14. Qxd2 Bg4 15. Bc4 Qd6 16. h3 Bh5 17. Qa5 Rfc8 18. Rac1 b6 19. Qg5 Rc5 20. Nf5 Qf8 21. b4 Rcc8 22. Ba6 Rxc1 23. Rxc1 Bg6 24. a3 Bxf5 25. Qxf5 h6 26. Qe5 Re8 27. Qc7 Qe7 28. Bb5 Nd5 29. Qxe7 Rxe7 30. Rc8+ Kh7 31. Bc6 Nf6 32. Kf1 g5 33. Ke2 Kg7 34. a4 h5 35. Rd8 h4 36. Rd4 Kg6 37. b5 Kf5 38. a5 bxa5 39. Ra4 g4 40. Rxa5 Kg6 41. Ra4 gxh3 42. gxh3 Kf5 43. f3 exf3+ 44. Kxf3 Kg5 45. Ra5 Kg6 46. Ra1 Nh7 47. Kg4 Ng5 48. Ra3 f6 49. Kxh4 Rh7+ 50. Kg4 f5+ 51. Kf4 Kf6 52. Bg2 Ne6+ 53. Kg3 Rg7+ 54. Kf2 Rh7 55. Bd5 Ng5 56. h4 Rxh4 57. Rxa7 Rb4 58. Bc6 Rb2+ 59. Ke1 Nf7 60. Kd1 Ne5 61. Ra3 Ke6 62. Kc1 Rb4 63. Kc2 Nxc6 64. bxc6 Kd6 65. Rc3 Kc7 66. Kd3 Re4 67. Rc5 Re6 68. Kc4 Rxe3 69. Rxf5 Kxc6 1/2-1/2

[Event "Colombia Tierra de Atletas-B 2020"]
[Site "Medellin"]
[Date "2020.12.12"]
[Round "2.2"]
[White "Malka, Samuel"]
[Black "Mateus, Alejandro"]
[Result "0-1"]
[ECO "E04"]
[WhiteElo "2203"]
[BlackElo "2353"]
[Annotator "RC"]
[PlyCount "128"]
[EventDate "2020.12.10"]
[EventType "tourn"]
[EventCountry "COL"]
[SourceTitle "playchess.com"]
[Source "ChessBase"]
[SourceQuality "1"]
[TimeControl "40/5400+30:1800+30"]

1. d4 Nf6 2. c4 e6 3. g3 d5 4. Nf3 dxc4 5. Bg2 Bb4+ 6. Bd2 c5 7. dxc5 Bxc5 8. Qa4+ Bd7 9. Qxc4 Qb6 10. O-O Bb5 11. Qh4 Bxe2 12. b4 Be7 13. Re1 Nd5 14. Qe4 Bxf3 15. Bxf3 O-O 16. Nc3 Nc6 17. Rab1 Rad8 18. Na4 Qd4 19. Red1 Ne5 20. Bg2 Qxe4 21. Bxe4 Nc4 22. Be1 Bf6 23. Nc5 b6 24. Nb3 g6 25. Nd4 Rd7 26. b5 Rc8 27. a4 Na3 28. Ra1 Bxd4 29. Rxd4 Nc2 30. Rc1 Rdc7 31. Rdd1 Nxe1 32. Rxc7 Rxc7 33. Bxd5 exd5 34. Rxe1 Rc4 35. a5 bxa5 36. Re7 Rb4 37. Rxa7 Rxb5 38. h4 Kg7 39. Ra6 Kf8 40. Ra7 h5 41. Kf1 d4 42. Ke2 Rd5 43. Kd3 Kg7 44. Ra6 Rf5 45. Ke2 d3+ 46. Ke3 Rd5 47. Kd2 Kf8 48. Ra7 Ke8 49. Rb7 Rf5 50. f4 Rd5 51. Ra7 Kf8 52. Rb7 Kg7 53. Rb6 Rd4 54. Ra6 Ra4 55. Kxd3 Ra3+ 56. Ke2 Rxg3 57. Rxa5 Rg4 58. Kf3 Rxh4 59. Kg3 Rg4+ 60. Kf3 Rg1 61. Kf2 Rb1 62. Kg3 Rb3+ 63. Kh4 Rf3 64. Ra4 Kh6 0-1

[Event "Colombia Tierra de Atletas-B 2020"]
[Site "Medellin"]
[Date "2020.12.12"]
[Round "2.4"]
[White "Morales, Jhon Alexander"]
[Black "Pazos Gambarrotti, Plinio"]
[Result "1-0"]
[ECO "A57"]
[WhiteElo "2400"]
[BlackElo "2109"]
[Annotator "RC"]
[PlyCount "75"]
[EventDate "2020.12.10"]
[EventType "tourn"]
[EventCountry "COL"]
[SourceTitle "playchess.com"]
[Source "ChessBase"]
[SourceQuality "1"]
[TimeControl "40/5400+30:1800+30"]

1. d4 Nf6 2. c4 c5 3. Nf3 g6 4. d5 b5 5. cxb5 a6 6. b6 d6 7. Nc3 Nbd7 8. e4 Rb8 9. Be2 Bg7 10. O-O O-O 11. a4 Nxb6 12. Re1 Nfd7 13. Nd2 f5 14. exf5 gxf5 15. Nf3 Nf6 16. Ng5 Na8 17. Bf3 Nc7 18. Qc2 Nd7 19. Nh3 Ne5 20. Be2 Ng6 21. Bh5 Bd7 22. Bg5 Be5 23. Bxg6 hxg6 24. Rxe5 dxe5 25. d6 Rf7 26. dxc7 Qxc7 27. Nd5 Qb7 28. Nxe7+ Kg7 29. Qxc5 Qxb2 30. Rf1 Bxa4 31. Qd6 Rb6 32. Qd5 Rb5 33. Qa8 Rb8 34. Qxa6 Kf8 35. Nxg6+ Kg7 36. Ne7 Kf8 37. Qxa4 Qb5 38. Qh4 1-0

[Event "Colombia Tierra de Atletas-B 2020"]
[Site "Medellin"]
[Date "2020.12.12"]
[Round "3.4"]
[White "Escobar Medina, Andres F"]
[Black "Morales, Jhon Alexander"]
[Result "1-0"]
[ECO "B40"]
[WhiteElo "2249"]
[BlackElo "2400"]
[Annotator "RC"]
[PlyCount "75"]
[EventDate "2020.12.10"]
[EventType "tourn"]
[EventCountry "COL"]
[SourceTitle "playchess.com"]
[Source "ChessBase"]
[SourceQuality "1"]
[TimeControl "40/5400+30:1800+30"]

1. e4 c5 2. Nf3 e6 3. g3 b6 4. Bg2 Bb7 5. Qe2 d6 6. d4 cxd4 7. Nxd4 Nc6 8. Nxc6 Bxc6 9. O-O Be7 10. Nc3 Qc8 11. Rd1 a6 12. Be3 Qc7 13. Rd2 b5 14. a3 Nf6 15. Bf4 O-O 16. e5 dxe5 17. Bxe5 Qb7 18. Bxc6 Qxc6 19. Rad1 Rfc8 20. Bxf6 Bxf6 21. Rd6 Qc4 22. Qf3 h6 23. Rd7 Rf8 24. R1d3 Rac8 25. Ne4 Be5 26. c3 Qc6 27. Nd2 Bf6 28. Ne4 Be5 29. Nd2 Bf6 30. Qxc6 Rxc6 31. Ra7 Bd8 32. Kg2 Bc7 33. Nf3 e5 34. Rd7 Rc8 35. Rxf7 e4 36. Nd4 Rc4 37. Re7 Kh8 38. Rxa6 1-0

[Event "Colombia Tierra de Atletas-B 2020"]
[Site "Medellin"]
[Date "2020.12.12"]
[Round "3.5"]
[White "Palencia Morales, Wilson Guillermo"]
[Black "Malka, Samuel"]
[Result "0-1"]
[ECO "B76"]
[WhiteElo "2340"]
[BlackElo "2203"]
[Annotator "RC"]
[PlyCount "96"]
[EventDate "2020.12.10"]
[EventType "tourn"]
[EventCountry "COL"]
[SourceTitle "playchess.com"]
[Source "ChessBase"]
[SourceQuality "1"]
[TimeControl "40/5400+30:1800+30"]

1. e4 c5 2. Nf3 d6 3. d4 cxd4 4. Nxd4 Nf6 5. Nc3 g6 6. Be3 Bg7 7. f3 O-O 8. Qd2 Nc6 9. g4 Be6 10. O-O-O Nxd4 11. Bxd4 Qa5 12. Kb1 Rfc8 13. Nd5 Qxd2 14. Nxf6+ Bxf6 15. Rxd2 Bxd4 16. Rxd4 Rc5 17. Rb4 b6 18. Be2 Rac8 19. c3 Kg7 20. h4 f6 21. f4 Bc4 22. Bxc4 Rxc4 23. Rxc4 Rxc4 24. Re1 Kf7 25. Kc2 f5 26. Kd3 Ra4 27. a3 fxg4 28. c4 Ra5 29. Rg1 h5 30. Ra1 Rc5 31. b4 Rc8 32. a4 a5 33. bxa5 bxa5 34. Rb1 Kf6 35. Rb5 Rc5 36. Rb6 g3 37. Rb1 e5 38. Rf1 Rc8 39. fxe5+ Kxe5 40. Rf3 Rb8 41. Kc3 g5 42. Rf5+ Kxe4 43. Rxg5 Kf3 44. Kd4 g2 45. Kd5 Rb1 46. Kxd6 g1=Q 47. Rxg1 Rxg1 48. c5 Rg4 0-1

[Event "Colombia Tierra de Atletas-B 2020"]
[Site "Medellin"]
[Date "2020.12.13"]
[Round "4.4"]
[White "Brizuela Abreu, Ronald Jesus"]
[Black "Pazos Gambarrotti, Plinio"]
[Result "1/2-1/2"]
[ECO "D38"]
[WhiteElo "2361"]
[BlackElo "2109"]
[Annotator "ChessBase"]
[PlyCount "118"]
[EventDate "2020.12.10"]
[EventType "tourn"]
[EventCountry "COL"]
[SourceTitle "playchess.com"]
[Source "ChessBase"]
[SourceQuality "1"]
[TimeControl "40/5400+30:1800+30"]

1. d4 Nf6 2. c4 e6 3. Nc3 d5 4. Nf3 Bb4 5. Qa4+ Nc6 6. Bg5 Bd7 7. Qb3 dxc4 8. Qxc4 h6 9. Bh4 g5 10. Bg3 Ne4 11. e3 h5 12. Bd3 Nd6 13. Qb3 Qe7 14. h4 g4 15. Ne5 Nf5 16. Bxf5 exf5 17. Nxd7 Kxd7 18. Qd5+ Kc8 19. Qxf5+ Kb8 20. O-O Bd6 21. Nd5 Qd8 22. Bxd6 Qxd6 23. g3 Ne7 24. Nxe7 Qxe7 25. Rfc1 Qe6 26. Rc5 b6 27. Qxe6 fxe6 28. Re5 Rh6 29. Rc1 Kb7 30. b4 Rd8 31. Kf1 Rd5 32. Re4 a5 33. a3 Kc8 34. Rf4 Rh7 35. Ke2 Kd7 36. Kd3 axb4 37. axb4 e5 38. Rf5 Re7 39. Ke4 Rb5 40. Rxe5 Rexe5+ 41. dxe5 Rxb4+ 42. Kf5 Rb2 43. e6+ Kd8 44. Kg5 c5 45. Kxh5 Ke7 46. Kxg4 Rxf2 47. Rb1 Kxe6 48. Rxb6+ Kd5 49. h5 c4 50. Rb5+ Ke4 51. Rc5 Kd3 52. h6 c3 53. Kg5 c2 54. h7 Rh2 55. g4 Rxh7 56. e4 Re7 57. Kf5 Rxe4 58. Rxc2 Rxg4 59. Kxg4 Kxc2 1/2-1/2

[Event "Colombia Tierra de Atletas-B 2020"]
[Site "Medellin"]
[Date "2020.12.13"]
[Round "5.1"]
[White "Pazos Gambarrotti, Plinio"]
[Black "Hernandez Sanchez, Jairo Andres"]
[Result "1/2-1/2"]
[ECO "E70"]
[WhiteElo "2109"]
[BlackElo "2394"]
[Annotator "ChessBase"]
[PlyCount "31"]
[EventDate "2020.12.10"]
[EventType "tourn"]
[EventCountry "COL"]
[SourceTitle "playchess.com"]
[Source "ChessBase"]
[SourceQuality "1"]
[TimeControl "40/5400+30:1800+30"]

1. d4 Nf6 2. c4 g6 3. Nc3 Bg7 4. e4 d6 5. Nge2 O-O 6. Ng3 e5 7. d5 a5 8. Be2 Na6 9. h4 h5 10. Bg5 Qe8 11. Qd2 Nc5 12. Bh6 Ng4 13. Bxg7 Kxg7 14. Bxg4 Bxg4 15. f3 Bd7 16. Nxh5+ 1/2-1/2

[Event "Colombia Tierra de Atletas-B 2020"]
[Site "Medellin"]
[Date "2020.12.13"]
[Round "5.2"]
[White "Argote Heredia, Valentina"]
[Black "Heredia Serrano, Carla"]
[Result "0-1"]
[ECO "B18"]
[WhiteElo "2150"]
[BlackElo "2114"]
[Annotator "NA"]
[PlyCount "52"]
[EventDate "2020.12.10"]
[EventType "tourn"]
[EventCountry "COL"]
[SourceTitle "playchess.com"]
[Source "ChessBase"]
[SourceQuality "1"]
[TimeControl "40/5400+30:1800+30"]

1. e4 c6 2. d4 d5 3. Nc3 dxe4 4. Nxe4 Bf5 5. Ng3 Bg6 6. h4 h6 7. Nh3 e6 8. Nf4 Bh7 9. Bc4 Nf6 10. O-O Bd6 11. c3 O-O 12. Re1 Nbd7 13. Nxe6 fxe6 14. Rxe6 Bxg3 15. Rxf6+ Kh8 16. Rxf8+ Qxf8 17. fxg3 Nf6 18. Bf4 Re8 19. Bd3 Nd5 20. Bxh7 Nxf4 21. Bc2 Ne2+ 22. Kh2 Re3 23. Qf1 Qd6 24. Qf2 Nxg3 25. Re1 Nf1+ 26. Kg1 Qh2+ 0-1

[Event "Colombia Tierra de Atletas-B 2020"]
[Site "Medellin"]
[Date "2020.12.15"]
[Round "7.1"]
[White "Pazos Gambarrotti, Plinio"]
[Black "Heredia Serrano, Carla"]
[Result "0-1"]
[ECO "D15"]
[WhiteElo "2109"]
[BlackElo "2114"]
[Annotator "ChessBase"]
[PlyCount "84"]
[EventDate "2020.12.10"]
[EventType "tourn"]
[EventCountry "COL"]
[SourceTitle "playchess.com"]
[Source "ChessBase"]
[SourceQuality "1"]
[TimeControl "40/5400+30:1800+30"]

1. Nf3 d5 2. c4 c6 3. e3 Nf6 4. Nc3 a6 5. d4 b5 6. cxd5 cxd5 7. Bd3 Bb7 8. O-O Nbd7 9. Ne5 e6 10. Bd2 Be7 11. f4 O-O 12. Rf3 Ne4 13. a3 f5 14. Rh3 Rc8 15. Qe2 Ndf6 16. Kh1 Bd6 17. Be1 Qe8 18. Na2 Nd7 19. Bb4 Bxb4 20. Nxb4 Nb6 21. Rg1 a5 22. Nc2 Nc4 23. Ne1 Nxe5 24. dxe5 d4 25. exd4 Rc1 26. Rf3 b4 27. axb4 axb4 28. Nc2 Rxg1+ 29. Kxg1 Qa4 30. Bc4 Bd5 31. Ne3 Bxc4 32. Qxc4 Re8 33. Nf1 h6 34. Rb3 Qa1 35. Rxb4 Qe1 36. d5 Nd2 37. Qb5 Nxf1 38. Qxe8+ Kh7 39. h3 Nd2+ 40. Kh2 Nf1+ 41. Kg1 Ne3+ 42. Kh2 Qf2 0-1

[Event "Colombia Tierra de Atletas-B 2020"]
[Site "Medellin"]
[Date "2020.12.15"]
[Round "8.1"]
[White "Heredia Serrano, Carla"]
[Black "Morales, Jhon Alexander"]
[Result "0-1"]
[ECO "B51"]
[WhiteElo "2114"]
[BlackElo "2400"]
[Annotator "ChessBase"]
[PlyCount "98"]
[EventDate "2020.12.10"]
[EventType "tourn"]
[EventCountry "COL"]
[SourceTitle "playchess.com"]
[Source "ChessBase"]
[SourceQuality "1"]
[TimeControl "40/5400+30:1800+30"]

1. e4 c5 2. Nf3 d6 3. Bb5+ Nd7 4. O-O a6 5. Bd3 Ngf6 6. Re1 Qc7 7. a4 b6 8. c3 Bb7 9. Na3 e6 10. Qe2 Be7 11. Bc2 Rc8 12. d3 O-O 13. h3 Rfe8 14. Bf4 Bf8 15. Bh2 Qb8 16. Rac1 Qa8 17. Nb1 g6 18. Nbd2 e5 19. c4 Nh5 20. Nf1 Bh6 21. Ne3 Nf8 22. a5 b5 23. cxb5 axb5 24. Ra1 Ne6 25. Bb3 Nhf4 26. Bxf4 Nxf4 27. Qd1 Qa6 28. Ng4 Bg7 29. Ng5 c4 30. dxc4 bxc4 31. Ba4 Rf8 32. Qc2 h6 33. Nf3 Rc5 34. b4 cxb3 35. Qxb3 Rxa5 36. Nd2 Nd3 37. Reb1 Nc5 38. Qb6 Rxa4 39. Rxa4 Qxa4 40. Qxd6 Nxe4 41. Qd3 Nxd2 42. Rxb7 Qa1+ 43. Kh2 Nf1+ 44. Kg1 Nd2+ 45. Kh2 Qd4 46. Qe2 Rc8 47. Re7 Rc1 48. Re8+ Kh7 49. Nxe5 Nf1+ 0-1

[Event "Colombia Tierra de Atletas-B 2020"]
[Site "Medellin"]
[Date "2020.12.15"]
[Round "8.5"]
[White "Pazos Gambarrotti, Plinio"]
[Black "Escobar Medina, Andres F"]
[Result "0-1"]
[ECO "A34"]
[WhiteElo "2109"]
[BlackElo "2249"]
[Annotator "ChessBase"]
[PlyCount "82"]
[EventDate "2020.12.10"]
[EventType "tourn"]
[EventCountry "COL"]
[SourceTitle "playchess.com"]
[Source "ChessBase"]
[SourceQuality "1"]
[TimeControl "40/5400+30:1800+30"]

1. Nf3 Nf6 2. g3 c5 3. Bg2 Nc6 4. O-O g6 5. c4 Bg7 6. Nc3 O-O 7. a3 d5 8. cxd5 Nxd5 9. Qc2 Nxc3 10. bxc3 Bf5 11. e4 Be6 12. d3 Qa5 13. Bd2 Qa6 14. Ng5 Bd7 15. Be3 b6 16. f4 Rac8 17. e5 Nd4 18. cxd4 cxd4 19. Qf2 dxe3 20. Qxe3 Rc3 21. Rad1 Bf5 22. Be4 Bxe4 23. Qxe4 e6 24. g4 Bh6 25. Qd4 Rxa3 26. Ne4 Qa4 27. Qf2 Bg7 28. d4 Ra2 29. Qh4 Qc6 30. Rfe1 Qd5 31. Qg3 Rc8 32. Nf2 Rcc2 33. Rf1 b5 34. f5 b4 35. Qe3 a5 36. Rc1 b3 37. Rxc2 Rxc2 38. fxe6 Qxe6 39. Qe4 Rc4 40. Nd3 Qb6 41. Nc5 Qxc5 0-1